[Event "IIFL Wealth 4th Mumbai GM"]
[Site "Mumbai"]
[Date "2019.01.04"]
[Round "6"]
[White "Thapa, Krishna"]
[Black "Thrish Karthik"]
[Result "1/2-1/2"]
[ECO "D02"]
[WhiteElo "2024"]
[BlackElo "2168"]
[Annotator "NA"]
[PlyCount "138"]
[EventDate "2018.12.30"]
[EventType "swiss"]
[EventCountry "IND"]
[SourceTitle "playchess.com"]
[Source "ChessBase"]
[SourceQuality "1"]
[TimeControl "40/5400+30:1800+30"]

1. d4 d5 2. Nf3 Nf6 3. g3 Bf5 4. Bg2 e6 5. O-O c6 6. c4 Nbd7 7. b3 Bd6 8. Bb2 O-O 9. Nbd2 Qc7 10. Rc1 h6 11. Nb1 Ne4 12. Nfd2 Ndf6 13. Nf3 Ng4 14. Nc3 Nxc3 15. Bxc3 Ba3 16. Ra1 b5 17. Qd2 bxc4 18. bxc4 Rab8 19. c5 Rb5 20. Bh3 Nf6 21. Bxf5 exf5 22. Qd3 Ne4 23. Rab1 Rfb8 24. Rxb5 Rxb5 25. Ba1 Bb2 26. Bxb2 Rxb2 27. Qa6 Qb7 28. Qxb7 Rxb7 29. Ne5 Nc3 30. e3 Rc7 31. Kg2 f6 32. Nd3 Rb7 33. Rc1 Na4 34. Rc2 Rb1 35. Kf3 g5 36. Ke2 Kf7 37. Kd2 Ke7 38. a3 Rb3 39. Ra2 Kd7 40. f3 Kc7 41. h3 a5 42. g4 Nc3 43. Nc1 Rxa3 44. Rxa3 Nb1+ 45. Kd3 Nxa3 46. gxf5 Nc4 47. Na2 Nb2+ 48. Ke2 Nc4 49. Nc3 Na3 50. Na4 Nc2 51. Kd2 Na3 52. Kd3 Nb5 53. e4 dxe4+ 54. fxe4 h5 55. Ke3 Kd7 56. Nb6+ Kd8 57. d5 cxd5 58. exd5 Kc7 59. Na4 Kd7 60. Ke4 Kc7 61. Kd3 g4 62. hxg4 hxg4 63. Ke3 g3 64. Kf3 Nd4+ 65. Kxg3 Nxf5+ 66. Kf4 Nd4 67. Ke4 Nb3 68. c6 f5+ 69. Ke5 f4 1/2-1/2

[Event "IIFL Wealth 4th Mumbai GM"]
[Site "Mumbai"]
[Date "2019.01.04"]
[Round "6"]
[White "Chowdhury, Sohel"]
[Black "Regmi, Shikhar"]
[Result "1/2-1/2"]
[ECO "B24"]
[WhiteElo "2012"]
[BlackElo "1610"]
[Annotator "NA"]
[PlyCount "74"]
[EventDate "2018.12.30"]
[EventType "swiss"]
[EventCountry "IND"]
[SourceTitle "playchess.com"]
[Source "ChessBase"]
[SourceQuality "1"]
[TimeControl "40/5400+30:1800+30"]

1. e4 c5 2. Nc3 Nc6 3. g3 e6 4. Bg2 Nf6 5. d3 a6 6. f4 d6 7. Nf3 Be7 8. O-O O-O 9. h3 Re8 10. g4 Bf8 11. Ne2 d5 12. e5 Nd7 13. d4 cxd4 14. Nexd4 f6 15. exf6 Nxf6 16. c3 Ne4 17. Ne5 Nxe5 18. fxe5 Qh4 19. Qf3 Qe7 20. Bf4 Bd7 21. Rae1 g5 22. Bc1 Bg7 23. Rxe4 dxe4 24. Qxe4 Rab8 25. a3 Qc5 26. Re1 Bc6 27. Qe2 Bxg2 28. Kxg2 h6 29. Nf3 Rf8 30. Be3 Qc6 31. Bd4 Rf4 32. Kg3 Rbf8 33. Nd2 b5 34. Ne4 Qc7 35. Nd2 Qc6 36. Ne4 Bf6 37. exf6 Rf7 1/2-1/2

[Event "IIFL Wealth 4th Mumbai GM"]
[Site "Mumbai"]
[Date "2019.01.04"]
[Round "6"]
[White "Nepal, Prakash"]
[Black "Triton, Maxime"]
[Result "1-0"]
[ECO "A56"]
[WhiteElo "1902"]
[BlackElo "1937"]
[Annotator "NA"]
[PlyCount "79"]
[EventDate "2018.12.30"]
[EventType "swiss"]
[EventCountry "IND"]
[SourceTitle "playchess.com"]
[Source "ChessBase"]
[SourceQuality "1"]
[TimeControl "40/5400+30:1800+30"]

1. d4 Nf6 2. c4 c5 3. d5 e5 4. Nc3 d6 5. e4 Be7 6. Be2 Nbd7 7. f3 Nf8 8. Be3 Ng6 9. Qd2 a6 10. g3 Bd7 11. h4 h5 12. Nh3 Qa5 13. a4 Bd8 14. Kf1 Qb4 15. Nf2 Qa5 16. Bg5 Be7 17. Kg2 Qd8 18. a5 b6 19. axb6 Qxb6 20. Ra2 Rb8 21. Rha1 Bc8 22. Nd3 Nd7 23. Be3 Qc7 24. Na4 O-O 25. b4 f5 26. exf5 Rxf5 27. bxc5 Nxc5 28. Naxc5 dxc5 29. Ra5 Bxh4 30. gxh4 Nxh4+ 31. Kf2 Nxf3 32. Bxf3 Qf7 33. Ne1 Rxf3+ 34. Nxf3 e4 35. Bf4 Rb3 36. R5a3 Rxf3+ 37. Rxf3 exf3 38. Rg1 Qf6 39. Rg5 Bg4 40. Be5 1-0

[Event "IIFL Wealth 4th Mumbai GM"]
[Site "Mumbai"]
[Date "2019.01.04"]
[Round "6"]
[White "Lama, Milan"]
[Black "Navalgund, Niranjan"]
[Result "0-1"]
[ECO "C55"]
[WhiteElo "1897"]
[BlackElo "2240"]
[Annotator "NA"]
[PlyCount "286"]
[EventDate "2018.12.30"]
[EventType "swiss"]
[EventCountry "IND"]
[SourceTitle "playchess.com"]
[Source "ChessBase"]
[SourceQuality "1"]
[TimeControl "40/5400+30:1800+30"]

1. e4 e5 2. Nf3 Nc6 3. Bc4 Nf6 4. d3 h6 5. O-O d6 6. h3 g5 7. Nh2 Bg7 8. Nc3 Na5 9. Bb3 Nxb3 10. axb3 c5 11. Be3 Be6 12. Qd2 Nh5 13. Ne2 Nf4 14. b4 b6 15. Bxf4 gxf4 16. c4 O-O 17. b5 Qg5 18. Kh1 Qh5 19. Ng1 f5 20. b3 Bf6 21. f3 Rf7 22. Qe2 Rg7 23. Ra2 Kh8 24. Rfa1 Bh4 25. Ra6 Bd8 26. R1a2 Qg6 27. Ra1 h5 28. R1a2 Bc8 29. R6a3 Bh4 30. Ra1 Kh7 31. Nf1 Kh6 32. R3a2 Be6 33. Ra3 Rag8 34. R1a2 Qf7 35. Qd1 Qd7 36. Qe2 Ra8 37. Ra6 Rf8 38. R6a3 Rc8 39. Ra1 Re8 40. Qc2 Reg8 41. R3a2 Rf8 42. Qe2 Rf6 43. Qc2 Rfg6 44. Qe2 Qf7 45. Rb1 Qg8 46. Rd1 Qc8 47. Rb1 Qa8 48. Rba1 Bc8 49. Qc2 Qb8 50. Qe2 Qc7 51. Qc2 Qd7 52. Qe2 Bf6 53. Re1 Re7 54. Qc2 Qe8 55. Rea1 Rgg7 56. Qe2 Kh7 57. Qc2 Kh8 58. Re1 Ref7 59. Re2 Bh4 60. Qd1 Rf6 61. Ra1 Rfg6 62. Rea2 Be6 63. Qc2 Qd7 64. Qe2 Kh7 65. Qc2 Bf6 66. Re1 Kh6 67. Rd1 Re7 68. Re1 Qe8 69. Qb1 Bc8 70. Qc2 Rgg7 71. Qb1 Bh4 72. Ree2 Be6 73. Ra1 Bf6 74. Raa2 Qc8 75. Qe1 Rg6 76. Rec2 Reg7 77. Qe2 fxe4 78. dxe4 a5 79. bxa6 Ra7 80. Ra3 Rxa6 81. Rca2 Rxa3 82. Rxa3 Rg7 83. Qa2 Qb7 84. Nd2 Bh4 85. Nb1 Be1 86. Qc2 b5 87. Nd2 b4 88. Ra2 Bf2 89. Ra1 Bd4 90. Rb1 Qe7 91. Rd1 Qg5 92. Nb1 Rg6 93. Qa2 Qh4 94. Qe2 Qg3 95. Nd2 Bxg1 96. Rxg1 Bxh3 97. Nf1 Qg5 98. Kh2 Bc8 99. Qf2 Rg7 100. Nd2 Ra7 101. Nb1 h4 102. Rd1 Ra6 103. Rd2 Kh5 104. Ra2 Rxa2 105. Qxa2 Qg3+ 106. Kh1 Qe1+ 107. Kh2 Qg3+ 108. Kh1 h3 109. Qe2 Kh4 110. Nd2 hxg2+ 111. Qxg2 Bh3 112. Qe2 Kh5 113. Nf1 Qh4 114. Nh2 Qg5 115. Nf1 Kg6 116. Nh2 Kf6 117. Qf2 Ke7 118. Qg1 Qh6 119. Qg8 Be6 120. Qg2 Kd8 121. Qa2 Qh4 122. Qe2 Kc7 123. Qd2 Bh3 124. Qe2 Qg5 125. Qa2 Kb6 126. Qd2 Qg6 127. Qf2 Qg8 128. Qd2 Qg6 129. Qe2 Qe8 130. Qd2 Qb8 131. Ng4 Qf8 132. Nh2 Be6 133. Qd3 Kc7 134. Qe2 Qa8 135. Ng4 Qa1+ 136. Kg2 Qb1 137. Nf6 Qxb3 138. Nd5+ Kb7 139. Kf1 Qb1+ 140. Kf2 Qh1 141. Qd3 Qa1 142. Ne7 Qd4+ 143. Ke2 Bxc4 0-1

[Event "IIFL Wealth 4th Mumbai GM"]
[Site "Mumbai"]
[Date "2019.01.04"]
[Round "6"]
[White "Larmet, Nino"]
[Black "Dhungel, Uttam"]
[Result "1-0"]
[ECO "B24"]
[WhiteElo "1835"]
[BlackElo "1587"]
[Annotator "NA"]
[PlyCount "51"]
[EventDate "2018.12.30"]
[EventType "swiss"]
[EventCountry "IND"]
[SourceTitle "playchess.com"]
[Source "ChessBase"]
[SourceQuality "1"]
[TimeControl "40/5400+30:1800+30"]

1. e4 c5 2. Nc3 Nc6 3. g3 e6 4. Bg2 Nf6 5. Nge2 d5 6. exd5 exd5 7. d4 Be6 8. O-O Be7 9. Bg5 O-O 10. Bxf6 Bxf6 11. dxc5 Ne7 12. Nd4 Bxd4 13. Qxd4 Qc7 14. Nxd5 Nxd5 15. Bxd5 Rfd8 16. c4 Rac8 17. b4 Rd7 18. Qe4 Re7 19. Bxe6 Rxe6 20. Qc2 Rce8 21. Rad1 Re4 22. Rd2 Qc6 23. Rd6 Qc7 24. Rfd1 b6 25. cxb6 axb6 26. Qxe4 1-0

[Event "IIFL Wealth 4th Mumbai GM"]
[Site "Mumbai"]
[Date "2019.01.04"]
[Round "6"]
[White "Arya Nirag Shah"]
[Black "Ahsan, Ali Jewel"]
[Result "1-0"]
[ECO "A45"]
[WhiteElo "1812"]
[BlackElo "1363"]
[Annotator "NA"]
[PlyCount "57"]
[EventDate "2018.12.30"]
[EventType "swiss"]
[EventCountry "IND"]
[SourceTitle "playchess.com"]
[Source "ChessBase"]
[SourceQuality "1"]
[TimeControl "40/5400+30:1800+30"]

1. d4 Nf6 2. Bg5 e6 3. e4 Be7 4. Nd2 O-O 5. Bd3 d5 6. e5 Nfd7 7. Bxe7 Qxe7 8. f4 Qb4 9. Ngf3 f6 10. Rb1 g6 11. h4 Rf7 12. h5 gxh5 13. Rxh5 Nf8 14. Qe2 Ng6 15. g3 Nc6 16. c3 Qe7 17. Qh2 Rg7 18. exf6 Qxf6 19. Ng5 Qe7 20. Bxg6 Qf6 21. Bxh7+ Kf8 22. Bd3 Ke7 23. Rh7 Bd7 24. Rxg7+ Qxg7 25. Qh7 Qxh7 26. Nxh7 Rg8 27. Kf2 Kf7 28. Nf3 Ne7 29. Ne5+ 1-0

[Event "IIFL Wealth 4th Mumbai GM"]
[Site "Mumbai"]
[Date "2019.01.04"]
[Round "6"]
[White "Rebut, Paul"]
[Black "Wahba, David George"]
[Result "1-0"]
[ECO "A00"]
[WhiteElo "1740"]
[BlackElo "1295"]
[Annotator "NA"]
[PlyCount "111"]
[EventDate "2018.12.30"]
[EventType "swiss"]
[EventCountry "IND"]
[SourceTitle "playchess.com"]
[Source "ChessBase"]
[SourceQuality "1"]
[TimeControl "40/5400+30:1800+30"]

1. g4 d5 2. Bg2 Bxg4 3. c4 c6 4. Qb3 Qb6 5. Qxb6 axb6 6. cxd5 c5 7. Nc3 Nf6 8. d3 Na6 9. Nb5 Kd7 10. a3 Nb4 11. Rb1 Nbxd5 12. Nc3 Nxc3 13. bxc3 Kc7 14. Bf4+ Kd8 15. Rxb6 Rxa3 16. Rxb7 Rxc3 17. Bc6 Nd7 18. Ra7 e5 19. Ra8+ Ke7 20. Kd2 Rb3 21. Be3 g6 22. Kc2 Rb6 23. Bxd7 Kxd7 24. h3 Bf5 25. Nf3 Bg7 26. Ra7+ Ke6 27. Ng5+ Kd5 28. Rxf7 Rhb8 29. Bc1 Bh6 30. e4+ Kd6 31. Rf6+ Kd7 32. Rxb6 Rxb6 33. exf5 Bxg5 34. Bxg5 gxf5 35. Re1 Re6 36. Kc3 Kc6 37. Kc4 e4 38. dxe4 fxe4 39. Be3 Re5 40. Rg1 Rh5 41. Rg3 Kb6 42. Bg5 Kc6 43. h4 h6 44. Be3 Rxh4 45. Rg6+ Kd7 46. Rxh6 Rxh6 47. Bxh6 Ke6 48. Kxc5 Ke5 49. Be3 Ke6 50. Kd4 Kf5 51. Kd5 Kf6 52. Kxe4 Ke6 53. f4 Kf6 54. Bd4+ Ke6 55. Be5 Kf7 56. Kf5 1-0

[Event "IIFL Wealth 4th Mumbai GM"]
[Site "Mumbai"]
[Date "2019.01.04"]
[Round "6"]
[White "Kishor, Shazzad"]
[Black "Laoussing, Mathis"]
[Result "1/2-1/2"]
[ECO "A00"]
[WhiteElo "1730"]
[BlackElo "1438"]
[Annotator "NA"]
[PlyCount "85"]
[EventDate "2018.12.30"]
[EventType "swiss"]
[EventCountry "IND"]
[SourceTitle "playchess.com"]
[Source "ChessBase"]
[SourceQuality "1"]
[TimeControl "40/5400+30:1800+30"]

1. g3 d5 2. Bg2 e5 3. c4 Nf6 4. cxd5 Nxd5 5. Nc3 Be6 6. d3 Nc6 7. Nf3 Bb4 8. Bd2 O-O 9. O-O Qd7 10. a3 Bd6 11. Ne4 Bh3 12. Nxd6 cxd6 13. b4 Bxg2 14. Kxg2 Rac8 15. Qb3 Qe6 16. Qa2 Nce7 17. e4 Nf4+ 18. Bxf4 exf4 19. Qxe6 fxe6 20. Rfc1 Ng6 21. d4 e5 22. d5 b5 23. Nd2 Ne7 24. f3 Rxc1 25. Rxc1 Rc8 26. Rxc8+ Nxc8 27. gxf4 exf4 28. Kh3 g5 29. Kg4 h6 30. h4 gxh4 31. Kxf4 Nb6 32. Kg4 Nc4 33. Nb1 Ne5+ 34. Kxh4 Nxf3+ 35. Kh5 Kg7 36. Nc3 a6 37. Kg4 Nd2 38. Kf5 Kf7 39. a4 bxa4 40. Nxa4 h5 41. Nc3 h4 42. Kg4 Kf6 43. b5 1/2-1/2

[Event "IIFL Wealth 4th Mumbai GM"]
[Site "Mumbai"]
[Date "2019.01.04"]
[Round "6"]
[White "Shah, Ram Surat Prasad"]
[Black "Kafle, Binod"]
[Result "1/2-1/2"]
[ECO "C55"]
[WhiteElo "1639"]
[BlackElo "1191"]
[Annotator "NA"]
[PlyCount "84"]
[EventDate "2018.12.30"]
[EventType "swiss"]
[EventCountry "IND"]
[SourceTitle "playchess.com"]
[Source "ChessBase"]
[SourceQuality "1"]
[TimeControl "40/5400+30:1800+30"]

1. e4 e5 2. Nf3 Nc6 3. Bc4 Nf6 4. d4 exd4 5. e5 Ng4 6. Bxf7+ Kxf7 7. Ng5+ Kg8 8. Qxg4 Nxe5 9. Qxd4 Qe8 10. O-O c5 11. Qc3 h6 12. Nf3 Nxf3+ 13. Qxf3 d6 14. Nc3 Be6 15. Bf4 Qd7 16. Rfe1 d5 17. Qg3 Re8 18. h3 b5 19. Rad1 Qc6 20. Nxd5 Bxd5 21. Rxe8 Qxe8 22. Rxd5 Kh7 23. Bd6 Bxd6 24. Qxd6 Qe1+ 25. Kh2 Qxf2 26. Rxc5 a6 27. Rc7 Rf8 28. Qe5 Qf4+ 29. Qxf4 Rxf4 30. Kg3 Rf6 31. b3 Kg6 32. a4 bxa4 33. bxa4 Kf5 34. Kf3 g6 35. g4+ Ke5+ 36. Ke3 Kd5 37. h4 Rb6 38. Rh7 g5 39. h5 Kc4 40. Rf7 Kc5 41. Rf5+ Kb4 42. a5 Rb7 1/2-1/2

[Event "IIFL Wealth 4th Mumbai GM"]
[Site "Mumbai"]
[Date "2019.01.06"]
[Round "8"]
[White "Rathnakaran, K.."]
[Black "Phadke Sohan"]
[Result "1-0"]
[ECO "B30"]
[WhiteElo "2366"]
[BlackElo "2191"]
[Annotator "NA"]
[PlyCount "78"]
[EventDate "2018.12.30"]
[EventType "swiss"]
[EventCountry "IND"]
[SourceTitle "playchess.com"]
[Source "ChessBase"]
[SourceQuality "1"]
[TimeControl "40/5400+30:1800+30"]

1. e4 c5 2. Nf3 Nc6 3. Bb5 e6 4. O-O a6 5. Bxc6 bxc6 6. e5 f6 7. Nc3 fxe5 8. Nxe5 Nf6 9. a4 d6 10. Ng4 Be7 11. Nxf6+ Bxf6 12. Ne4 O-O 13. Ra3 Be7 14. f4 d5 15. Ng3 c4 16. Raf3 Rb8 17. Kh1 c5 18. Qe2 g6 19. b3 cxb3 20. cxb3 Bf6 21. Ba3 Qd6 22. Qf2 d4 23. Rc1 Bb7 24. Bxc5 Qd7 25. Bxf8 Rxf8 26. Rd3 e5 27. fxe5 Bxe5 28. Qe2 Re8 29. Re1 Bc6 30. Kg1 Qd5 31. Qf2 Qd6 32. Rxe5 Qxe5 33. Rxd4 a5 34. h3 h5 35. h4 Qe6 36. Qf4 Bd5 37. b4 axb4 38. Rxb4 Kh7 39. a5 Rf8 1-0

[Event "IIFL Wealth 4th Mumbai GM"]
[Site "Mumbai"]
[Date "2019.01.06"]
[Round "8"]
[White "Anuj Shrivatri"]
[Black "Subrota, Biswas"]
[Result "1-0"]
[ECO "A04"]
[WhiteElo "2357"]
[BlackElo "2171"]
[Annotator "NA"]
[PlyCount "236"]
[EventDate "2018.12.30"]
[EventType "swiss"]
[EventCountry "IND"]
[SourceTitle "playchess.com"]
[Source "ChessBase"]
[SourceQuality "1"]
[TimeControl "40/5400+30:1800+30"]

1. Nf3 f5 2. d3 Nc6 {[%emt 0:00:01] A04: Unusual lines after 1 Nf3 and King's Indian Attack} 3. d4 (3. e4 e5 4. Nc3 Bb4 5. exf5 d5 6. d4 e4 7. Bg5 Be7 8. Bxe7 Ngxe7 9. Nh4 Bxf5 10. Qh5+ g6 11. Qh6 Qd6 12. Bb5 {½-½ (30) Malakhov,V (2654)-Ivanchuk,V (2714) Zagreb 2018}) 3... e6 4. g3 Nf6 5. Bg2 Be7 6. c4 Ne4 $146 ({Predecessor:} 6... O-O 7. d5 Bb4+ 8. Bd2 Bxd2+ 9. Qxd2 Ne4 10. Qc1 exd5 11. cxd5 {½-½ (30) Petrov,N (2573)-Demuth,A (2547) Bad Ragaz 2018}) 7. O-O Bf6 8. d5 Nb8 9. Nbd2 Nc5 10. Rb1 a5 11. Qc2 O-O 12. e4 fxe4 13. Nxe4 Nxe4 14. Qxe4 e5 15. d6 cxd6 16. Qd5+ Kh8 17. Qxd6 Nc6 18. Be3 Be7 19. Qd2 d6 20. Ng5 Bf5 21. Rbc1 Qd7 22. Ne4 Qe6 23. Nc3 Rab8 24. Nd5 e4 25. Nxe7 Qxe7 26. c5 dxc5 27. Bxc5 Qd8 28. Qf4 Rf6 29. Bxe4 Bxe4 30. Qxe4 Qd7 31. Rfd1 Qf7 32. Qd5 Re6 33. Kg2 Qf6 34. Rc3 Re5 35. Qd6 Qf7 36. Rf3 Qe8 37. Qf8+ Qxf8 38. Rxf8+ Rxf8 39. Bxf8 Kg8 40. Ba3 Re2 41. Rd5 b6 42. Rb5 Ne5 43. Kf1 Re4 44. Rxb6 Nc4 45. Rb8+ Kf7 46. Bc5 Ne5 47. Rb5 Nd3 48. Be3 a4 49. Ke2 Nc1+ 50. Kf3 Rc4 51. Rb7+ Kf6 52. Bxc1 Rxc1 53. a3 h6 54. h4 Rc2 55. Rb6+ Ke5 56. Ke3 Kf5 57. f3 Rg2 58. g4+ Ke5 59. h5 Rh2 60. Rb5+ Ke6 61. Kf4 Rf2 62. Rb6+ Kf7 63. Ke4 Ke7 64. f4 Rc2 65. Kf5 Kf7 66. Rb7+ Kg8 67. g5 hxg5 68. fxg5 Rc5+ 69. Kf4 Rc4+ 70. Ke3 Rh4 71. h6 gxh6 72. gxh6 Rxh6 73. Kd3 Kf8 $2 (73... Ra6 {was worth a try.} 74. Kc4 Ra8) 74. Kc3 (74. Kc4 $18 {and the rest is easy.}) 74... Ke8 75. Rb4 Ra6 76. Rd4 Ke7 77. Rd2 Rb6 78. Rd5 Rc6+ $1 79. Kd3 Rb6 80. Kc2 Rc6+ 81. Kb1 Ra6 (81... Rc4 $1 $11) 82. Rd4 Ke6 83. Kc2 Ra8 84. Kc3 Ke5 85. Rd2 Rb8 86. Kc4 Ke6 87. Kc5 Rb3 {[%emt 0:00:26] [#]} 88. Kc6 $2 (88. Rd6+ $1 $18 {and the rest is easy.} Ke7 89. Rb6) 88... Ke7 89. Rd7+ Ke6 90. Rb7 Rg3 91. Rb4 Rg2 92. Kb5 Kd5 93. Kxa4 Kc6 94. Kb3 Rg5 95. Rc4+ Kb6 96. a4 Ka5 97. Ka3 Rg3+ 98. b3 Rh3 99. Rc5+ Kb6 100. Rg5 Rh4 101. Rg6+ Ka7 102. a5 Kb7 103. b4 Ka7 104. Ka4 Kb7 105. a6+ Kc7 106. Ka5 Rh1 107. Rg7+ Kb8 108. b5 Rh5 109. Rd7 Rg5 110. Kb6 Rg8 111. Rd6 Rh8 112. Rd5 Rg8 113. Ka5 Kc7 114. a7 Kb7 {[%emt 0:00:39] [#]} 115. b6 $1 Ra8 116. Rd7+ Kc6 117. Rc7+ Kd6 118. Rc1 Kd5 1-0

[Event "IIFL Wealth 4th Mumbai GM"]
[Site "Mumbai"]
[Date "2019.01.06"]
[Round "8"]
[White "Tran, Minh Thang"]
[Black "Aaryan Varshney"]
[Result "0-1"]
[ECO "B53"]
[WhiteElo "2342"]
[BlackElo "2200"]
[Annotator "NA"]
[PlyCount "92"]
[EventDate "2018.12.30"]
[EventType "swiss"]
[EventCountry "IND"]
[SourceTitle "playchess.com"]
[Source "ChessBase"]
[SourceQuality "1"]
[TimeControl "40/5400+30:1800+30"]

1. e4 c5 2. Nf3 d6 3. d4 cxd4 4. Qxd4 Nc6 5. Bb5 Bd7 6. Qd3 g6 7. O-O Bg7 8. c4 Nf6 9. h3 O-O 10. Nc3 Rc8 11. Bxc6 Bxc6 12. Be3 Nd7 13. Nd4 Nc5 14. Qc2 Ne6 15. Rfd1 Nxd4 16. Bxd4 Bxd4 17. Rxd4 Qb6 18. Rad1 Rfd8 19. Qd2 Qc5 20. Nd5 Bxd5 21. exd5 Kg7 22. Re1 Rd7 23. Rh4 h5 24. Re3 Rh8 25. Qc3+ f6 26. Rhe4 Kf7 27. b4 Qc7 28. c5 dxc5 29. Qc4 cxb4 30. Qb3 Kg7 31. Qxb4 Re8 32. Re6 Kf7 33. Qe4 Rd6 34. Rg3 Rg8 35. Re3 Re8 36. Rf3 Qc1+ 37. Kh2 Qc7 38. g3 Qd7 39. Qf4 Rxe6 40. dxe6+ Qxe6 41. Qh6 Rg8 42. a3 Qe2 43. Qf4 Rd8 44. g4 Rd1 45. gxh5 Qf1 46. hxg6+ Kg7 0-1

[Event "IIFL Wealth 4th Mumbai GM"]
[Site "Mumbai"]
[Date "2019.01.06"]
[Round "8"]
[White "Siva Mahadevan"]
[Black "Nikhil Magizhnan"]
[Result "0-1"]
[ECO "A46"]
[WhiteElo "2333"]
[BlackElo "2148"]
[Annotator "NA"]
[PlyCount "140"]
[EventDate "2018.12.30"]
[EventType "swiss"]
[EventCountry "IND"]
[SourceTitle "playchess.com"]
[Source "ChessBase"]
[SourceQuality "1"]
[TimeControl "40/5400+30:1800+30"]

1. d4 Nf6 2. Nf3 e6 3. Bg5 d5 4. e3 c5 5. c3 Nc6 6. Nbd2 h6 7. Bh4 Bd6 8. Bd3 e5 {[%emt 0:00:50] D03: 1 d4 d5 2 Nf3 Nf6 3 Bg5, including Torre Attack with early ...d5} (8... O-O 9. Qe2 e5 10. dxc5 Bxc5 11. e4 d4 12. O-O dxc3 13. bxc3 Be7 14. Bg3 Bg4 15. h3 Bh5 16. Nc4 {0-1 (35) Vitiugov,N (2738)-Dragun,K (2547) Wroclaw 2014}) 9. dxe5 Nxe5 10. Nxe5 Bxe5 11. Nf3 Bc7 12. Bb5+ Bd7 13. Bxf6 gxf6 14. Qa4 a6 15. Bxd7+ Qxd7 16. Qxd7+ Kxd7 17. O-O-O $146 Ke6 18. Rd3 Rad8 19. Rhd1 f5 20. g3 b5 21. b4 c4 22. R3d2 Be5 23. Kc2 Rd6 24. a4 Ra8 25. Ra1 Rdd8 26. Rdd1 Bf6 27. Rdb1 Rdb8 28. a5 Rd8 29. Rd1 Rd6 30. Rac1 Rh8 31. Kd2 Rhd8 32. Ke2 R8d7 33. Ng1 Rd8 34. Kf3 Be5 35. Ne2 R8d7 36. Rc2 Rd8 37. Rcd2 Kf6 38. h3 R8d7 39. Rc2 Rd8 40. Kg2 Ke6 41. Nd4+ Bxd4 42. Rxd4 Ke5 43. Rcd2 R8d7 44. Rh4 Rg6 45. Rdd4 Rf6 46. Rh5 Rdd6 47. g4 Rd8 48. Rf4 Rg8 49. Rfxf5+ Rxf5 50. Rxf5+ Ke4 51. Rf3 h5 52. Rg3 h4 53. Rf3 Ra8 54. Rxf7 Kd3 55. f4 Kxc3 56. g5 Re8 57. Kf2 d4 58. exd4 Kd2 $2 (58... Kxb4 $16 59. Rd7 Rc8) 59. g6 c3 60. Rc7 c2 61. Kf3 $2 (61. Rxc2+ $11 {and White stays safe.} Kxc2 62. Kf3) 61... Re3+ 62. Kf2 Rxh3 63. f5 Rg3 64. d5 Rg5 65. Kf3 Rxf5+ 66. Kg4 $19 Rxd5 67. g7 Rd8 68. Rd7+ Rxd7 69. g8=Q c1=Q 70. Qg5+ Kd1 0-1

[Event "IIFL Wealth 4th Mumbai GM"]
[Site "Mumbai"]
[Date "2019.01.06"]
[Round "8"]
[White "Srihari L R"]
[Black "Rakshitta Ravi"]
[Result "1-0"]
[ECO "D35"]
[WhiteElo "2316"]
[BlackElo "2141"]
[Annotator "NA"]
[PlyCount "59"]
[EventDate "2018.12.30"]
[EventType "swiss"]
[EventCountry "IND"]
[SourceTitle "playchess.com"]
[Source "ChessBase"]
[SourceQuality "1"]
[TimeControl "40/5400+30:1800+30"]

1. d4 d5 2. c4 e6 3. Nc3 Nf6 4. cxd5 exd5 5. Bg5 Nbd7 6. e3 Be7 7. Bd3 c6 8. Qc2 O-O 9. Nf3 Re8 10. O-O h6 11. Bf4 Nf8 12. h3 Ne6 13. Bh2 Bd6 14. Be5 a6 15. Rfd1 Qe7 16. Rac1 Bxe5 17. Nxe5 c5 18. Ng4 Nxg4 19. hxg4 cxd4 20. Nxd5 Qd6 21. Qb3 Nc5 22. Qb6 Qxd5 23. Rxc5 Qd8 24. Qxd8 Rxd8 25. Be2 Be6 26. exd4 Bxa2 27. Bf3 Rd7 28. Ra1 Bb3 29. Ra3 Be6 30. d5 1-0

[Event "IIFL Wealth 4th Mumbai GM"]
[Site "Mumbai"]
[Date "2019.01.06"]
[Round "8"]
[White "Kathmale, Sameer"]
[Black "Thrish Karthik"]
[Result "1-0"]
[ECO "B22"]
[WhiteElo "2312"]
[BlackElo "2168"]
[Annotator "NA"]
[PlyCount "93"]
[EventDate "2018.12.30"]
[EventType "swiss"]
[EventCountry "IND"]
[SourceTitle "playchess.com"]
[Source "ChessBase"]
[SourceQuality "1"]
[TimeControl "40/5400+30:1800+30"]

1. e4 c5 2. c3 Nf6 3. e5 Nd5 4. Bc4 Nb6 5. Bb3 d5 6. exd6 Qxd6 7. Nf3 g6 8. d4 cxd4 9. Qxd4 Qxd4 10. Nxd4 Bd7 11. Na3 a6 12. Be3 Nc8 13. Bd5 Nc6 14. Nc4 Bg7 15. O-O-O Nd8 16. Na5 Nd6 17. Bf4 e5 18. Bxe5 Bxe5 19. Rhe1 f6 20. f4 N8f7 21. Nxb7 Nxb7 22. Bxb7 Ra7 23. Bd5 Bg4 24. fxe5 Nxe5 25. Nc6 Re7 26. Nxe7 Bxd1 27. Ng8 Ba4 28. Nxf6+ Ke7 29. Rxe5+ Kxf6 30. Re6+ Kf5 31. Rxa6 Bb5 32. Ra5 Bd3 33. Bc4+ Ke4 34. Bxd3+ Kxd3 35. Rd5+ Ke2 36. a4 Kf2 37. Rd2+ Kg1 38. h3 Ra8 39. b3 h5 40. Kc2 g5 41. c4 g4 42. hxg4 hxg4 43. c5 Ra5 44. b4 Rxa4 45. Kb3 Ra1 46. c6 Rc1 47. Rc2 1-0

[Event "IIFL Wealth 4th Mumbai GM"]
[Site "Mumbai"]
[Date "2019.01.06"]
[Round "8"]
[White "Konguvel, Ponnuswamy"]
[Black "Varshini, V."]
[Result "1-0"]
[ECO "B99"]
[WhiteElo "2282"]
[BlackElo "2171"]
[Annotator "NA"]
[PlyCount "61"]
[EventDate "2018.12.30"]
[EventType "swiss"]
[EventCountry "IND"]
[SourceTitle "playchess.com"]
[Source "ChessBase"]
[SourceQuality "1"]
[TimeControl "40/5400+30:1800+30"]

1. e4 c5 2. Nf3 d6 3. d4 cxd4 4. Nxd4 Nf6 5. Nc3 a6 6. Bg5 e6 7. f4 Be7 8. Qf3 Qc7 9. O-O-O Nbd7 10. g4 b5 11. Bxf6 Nxf6 12. g5 Nd7 13. f5 Bxg5+ 14. Kb1 Ne5 15. Qh5 Qd8 16. h4 Bf6 17. fxe6 g6 18. exf7+ Kxf7 19. Qh6 Ng4 20. Qd2 Re8 21. Nd5 Kg7 22. h5 Bg5 23. Qc3 Ne5 24. hxg6 hxg6 25. Nc7 Bg4 26. Nxe8+ Qxe8 27. Be2 Rc8 28. Qg3 Bxe2 29. Qxg5 Bxd1 30. Nf5+ Kg8 31. Rh8+ 1-0

[Event "IIFL Wealth 4th Mumbai GM"]
[Site "Mumbai"]
[Date "2019.01.06"]
[Round "8"]
[White "Mohota, Nisha"]
[Black "Vantika Agrawal"]
[Result "1-0"]
[ECO "B31"]
[WhiteElo "2264"]
[BlackElo "2143"]
[Annotator "NA"]
[PlyCount "99"]
[EventDate "2018.12.30"]
[EventType "swiss"]
[EventCountry "IND"]
[SourceTitle "playchess.com"]
[Source "ChessBase"]
[SourceQuality "1"]
[TimeControl "40/5400+30:1800+30"]

1. e4 c5 2. Nf3 Nc6 3. Bb5 g6 4. Bxc6 bxc6 5. O-O Bg7 6. Re1 Nh6 7. c3 O-O 8. h3 {[%emt 0:00:29] B31: Sicilian: 2...Nc6 3 Bb5 g6} f5 9. e5 Nf7 10. d3 Rb8 (10... d6 11. Bf4 Ba6 12. Na3 Rb8 13. Qd2 dxe5 14. Nxe5 Nxe5 15. Bxe5 Bxe5 16. Rxe5 Qxd3 {1-0 (50) Amin,B (2686)-Guseinov,G (2667) Hoogeveen 2018}) 11. Qa4 Qc7 12. Na3 $146 ({Predecessor:} 12. Bf4 Nd8 13. Qc4+ Ne6 14. Ng5 Rxb2 15. Nxe6 dxe6 {½-½ (48) Liang,A (2570)-Fier,A (2582) Saint Louis 2018}) 12... Nxe5 13. Nxe5 Bxe5 14. Rxe5 Qxe5 15. Bf4 Rb4 16. cxb4 Qxf4 17. Qb3+ d5 18. bxc5 e5 19. Nc2 e4 20. dxe4 fxe4 21. Qe3 Qf6 22. Nd4 Ba6 23. Rd1 Bd3 24. Rd2 a5 25. b3 Rf7 26. a3 Qe7 27. b4 axb4 28. Nxc6 Qf6 29. Nxb4 Qa1+ 30. Kh2 d4 31. Qg5 Qxa3 32. Qd8+ Rf8 33. Qd5+ Rf7 34. Nxd3 exd3 35. Qxd4 Rf5 36. c6 Qc1 37. Qd8+ Rf8 38. Qd5+ Kg7 39. Rxd3 Qf4+ 40. Rg3 Qxf2 41. Qe5+ (41. c7 $142 Qf4 42. Qd7+ Rf7 43. c8=Q Rxd7 44. Qxd7+ Qf7 45. Qd2) 41... Kh6 42. Qe3+ (42. c7 $142 Rf5 43. Qc3) 42... Qxe3 43. Rxe3 Rc8 44. Rc3 Kg5 45. c7 Kf4 $18 46. Rc4+ Ke5 47. Kg3 Kd6 48. Kf4 Rxc7 49. Rc5 Rc6 50. Rxc6+ {[%emt 0:01:02] Kc7 [%clk 0:04:09]} 1-0